 Dungeon Crawl Stone Soup version 0.27-a0-1181-g5f64966fcc (webtiles) character file.

Game seed: 11578389246879465914

52 HoaS the Twirler (level 3, -3/21 HPs)
             Began as a Gargoyle Gladiator on May 17, 2021.
             Killed from afar by Natasha (9 damage)
             ... with a puff of flame
             ... on level 2 of the Dungeon.
             The game lasted 00:01:55 (792 turns).

HoaS the Twirler (Gargoyle Gladiator)                Turns: 792, Time: 00:01:55

Health: -3/21      AC:  9    Str: 18    XL:     3   Next: 85%
Magic:  3/3        EV: 11    Int:  8    God:
Gold:   71         SH:  0    Dex: 11    Spells: 2/2 levels left

rFire    . . .     SeeInvis .   a - +0 quarterstaff
rCold    . . .     Faith    .   (shield currently unavailable)
rNeg     + . .     Spirit   .   e - +0 ring mail
rPois    ∞         Reflect  .   c - +0 helmet
rElec    +         Harm     .   (no cloak)
rCorr    .         Rampage  .   (no gloves)
Will     .....                  (no boots)
Stlth    +.........             (no amulet)
HPRegen  0.07/turn              (no ring)
MPRegen  0.08/turn              (no ring)

@: no status effects
A: sickness immunity, AC +3, negative energy resistance 1, electricity
resistance, torment resistance 1, petrification resistance
a: no special abilities


You were on level 2 of the Dungeon.
You visited 1 branch of the dungeon, and saw 2 of its levels.

You collected 71 gold pieces.

Inventory:

Hand Weapons
 a - a +0 quarterstaff (weapon)
Missiles
 d - 3 throwing nets (quivered)
 f - 20 bolts
Armour
 c - a +0 helmet (worn)
 e - a +0 ring mail (worn)
Scrolls
 b - 3 scrolls of teleportation {unknown}


   Skills:
 - Level 2.1 Fighting
 + Level 4.6 Staves
 - Level 1.7 Throwing
 - Level 2.4 Dodging


You had 2 spell levels left.
You didn't know any spells.
Your spell library was empty.

Dungeon Overview and Level Annotations

Branches:
Dungeon (2/15)

Altars:

Annotations:
D:2 Natasha


Innate Abilities, Weirdness & Mutations

You are immune to sickness and miasma.
Your stone body is resilient. (AC +3)
You are immune to poison.
You resist negative energy. (rN+)
You are resistant to electric shocks. (rElec)
You are resistant to unholy torment.
You are immune to petrification.


Message History

Found a scroll labelled SUSTRYBRALIN.
You sock the rat!
You kill the rat!
You see here a rat corpse.
b - 3 scrolls labelled SUSTRYBRALIN (gained 1)
Found a robe.
Okay, then.
Unknown command.
Found a stone staircase leading up.
You see here a +0 robe.
An adder comes into view.
You sock the adder!
The adder is almost dead.
The adder misses you.
You hit the adder but do no damage.
The adder is almost dead.
The adder misses you.
You closely miss the adder.
The adder is almost dead.
The adder bites you but does no damage. The adder barely misses you.
You barely miss the adder.
The adder is almost dead.
The adder bites you but does no damage.
You miss the adder.
The adder is almost dead.
The adder bites you but does no damage. The adder misses you.
You sock the adder!
You kill the adder!
Natasha, Servant of Life and Death comes into view.
She is carrying a wand of flame (13).
Natasha hisses angrily.
You see here 13 arrows.
A worm comes into view.
Found a scroll labelled YLUGUAMASY.
Natasha zaps a wand.
The puff of flame hits you.
You hit Natasha but do no damage.
Natasha zaps a wand.
The puff of flame hits you!
You barely miss Natasha.
Natasha zaps a wand.
The puff of flame hits you.
You hit Natasha but do no damage.
Natasha zaps a wand.
The puff of flame hits you!
You die...

##### # #...# ..
....### #..## #.....
#....## #...#
#...<##?..#
#.......# #.(.@h#
#..##...# ##.# ##.#
#.# w? #####
#[#####....
##...####.......###
##..........######
#.......###.########
#.......#
#........##


You could see a worm and Natasha.

Vanquished Creatures
  2 adders (D:2)
  A dart slug (D:1)
  4 endoplasms
  3 giant cockroaches (D:1)
  6 goblins
  3 hobgoblins
  4 kobolds (D:1)
  3 bats (D:1)
  3 rats
29 creatures vanquished.

Notes
Turn   | Place    | Note
-------+----------+-------------------------------------------
     0 | D:1      | HoaS the Gargoyle Gladiator began the quest for the Orb.
     0 | D:1      | Reached XP level 1. HP: 12/12 MP: 1/1
   129 | D:1      | Reached XP level 2. HP: 17/17 MP: 2/2
   362 | D:1      | Reached skill level 4 in Staves
   530 | D:1      | Found a faded altar of an unknown god.
   533 | D:1      | Reached XP level 3. HP: 21/21 MP: 3/3
   787 | D:2      | Noticed Natasha
   792 | D:2      | Killed from afar by Natasha

Illustrated notes

Levels and vault maps discovered:
D:1:      tarquinn_simple_flora_water_f, layout_rooms,
          chequers_ecumenical_altar_simple_redux, palyth_stone_intersect,
          minmay_misc_feat_doors, item_on_display_a
D:2:      layout_rooms, uniq_natasha

Skill      XL: |  1  2 |
---------------+-------+-----
Staves         | 4 |  4.6
Fighting       | |  2.1
Throwing       | |  1.7
Dodging        | |  2.4

Action                   || total
-------------------------++-------
Melee: Quarterstaff      ||    67
Armor: Ring mail         ||    41
       Leather armour    ||     2
Dodge: Dodged            ||    25

Table legend: (Time is in decaauts)
 A = Elapsed time spent in this place.
 B = Non-inter-level travel time spent in this place.
 C = Inter-level travel time spent in this place.
 D = Time resting spent in this place.
 E = Time spent auto-exploring this place.
 F = Levels seen in this place.
 G = Mean time per level.
                   A        B        C        D        E       F      G
               +--------+--------+--------+--------+--------+-----+--------+
         Total |    800 |    773 |     27 |    197 |    399 |   2 |  400.0 |
       Dungeon |    800 |    773 |     27 |    197 |    399 |   2 |  400.0 |
               +--------+--------+--------+--------+--------+-----+--------+

Top non-repeatable levels by time:
     D:1: 710 daAuts
     D:2: 90 daAuts
